 Dungeon Crawl Stone Soup version 0.27.1-33-g824d729ab1 (webtiles) character file.

Game seed: 13039795259626983345

21 Descartes the Grasshopper (level 2, 0/13 HPs)
             Began as a Felid Warper on Dec 3, 2021.
             Succumbed to an adder's poison
             ... on level 2 of the Dungeon.
             The game lasted 00:01:50 (1491 turns).

Descartes the Grasshopper (Felid Warper)            Turns: 1491, Time: 00:01:50

Health: 0/13       AC:  1    Str:  7    XL:     2   Next: 62%
Magic:  6/6        EV: 18    Int: 14    God:
Gold:   0          SH:  0    Dex: 15    Spells: 3/5 levels left
                                        Lives:  0   Deaths: 0

rFire    . . .     SeeInvis +     - Unarmed
rCold    . . .     Faith    .   (shield unavailable)
rNeg     . . .     Spirit   .   (armour unavailable)
rPois    .         Reflect  .   (helmet unavailable)
rElec    .         Harm     .   (cloak unavailable)
rCorr    .         Rampage  .   (gloves unavailable)
Will     .....                  (boots unavailable)
Stlth    ++........             (no amulet)
HPRegen  0.04/turn              (no ring)
MPRegen  0.10/turn              (no ring)

@: lethally poisoned (0 -> -6), quick
A: very small, claws 1, fangs 3, see invisible, speed 1, shaggy fur 1, stealthy
paws, no weapons or thrown items, no armour, multi-lived
a: no special abilities


You were on level 2 of the Dungeon.
You visited 1 branch of the dungeon, and saw 2 of its levels.

Inventory:

Missiles
 f - 26 stones
Scrolls
 a - a scroll of blinking
 d - 2 scrolls of identify {unknown}
Potions
 b - a potion of flight {unknown}
 c - 2 potions of degeneration {unknown}
 e - a potion of berserk rage {unknown}


   Skills:
 - Level 2.0 Fighting
 + Level 3.7 Dodging
 + Level 1.8 Stealth
 + Level 2.4 Unarmed Combat
 - Level 2.0 Spellcasting
 - Level 4.4 Translocations


You had 3 spell levels left.
You knew the following spells:

 Your Spells              Type           Power      Damage    Failure   Level
a - Blink                 Tloc           N/A        N/A       6%          2

Your spell library contained the following spells:

 Spells                   Type           Power      Damage    Failure   Level
 Gell's Gravitas          Tloc           6%         N/A       12%         3
 Lesser Beckoning         Tloc           6%         N/A       12%         3
 Teleport Other           Tloc           13%        N/A       12%         3
 Corpse Rot               Necr/Air       N/A        N/A       34%         2
 Manifold Assault         Tloc           13%        N/A       73%         5
 Dispel Undead            Necr           1%         3d6       93%         4
 Death Channel            Necr           0%         N/A       100%        6


Dungeon Overview and Level Annotations

Branches:
Dungeon (2/15)

Altars:
Qazlal


Innate Abilities, Weirdness & Mutations

You have sharp claws.
You have razor-sharp teeth.
You have supernaturally acute eyesight. (SInv)
You cover ground quickly. (Speed+)
You are covered in fur. (AC +1)
Your paws help you pounce on unaware monsters.
You are incapable of wielding weapons or throwing items.
You cannot wear armour.
You gain extra lives every three experience levels.


Message History

No target in view!
No target in view!
An adder comes into view.
The adder hisses angrily.
You scratch the adder.
The adder is lightly wounded.
The adder barely misses you.
You miss the adder. Your bite misses the adder.
The adder is lightly wounded.
The adder bites you.
You are poisoned.
The adder poisons you!
You barely miss the adder.
The adder is lightly wounded.
You feel sick. The adder bites you but does no damage. The adder bites you.
* * * LOW HITPOINT WARNING * * *
You are more poisoned.
The adder poisons you!
You are too injured to fight recklessly!
You are too injured to fight recklessly!
You are too injured to fight recklessly!
You are too injured to fight recklessly!
You are too injured to fight recklessly!
You are too injured to fight recklessly!
You are too injured to fight recklessly!
You are too injured to fight recklessly!
You are too injured to fight recklessly!
You are too injured to fight recklessly!
You are too injured to fight recklessly!
You are too injured to fight recklessly!
You are too injured to fight recklessly!
You are too injured to fight recklessly!
You are too injured to fight recklessly!
You are too injured to fight recklessly!
You are too injured to fight recklessly!
You scratch the adder but do no damage.
The adder is lightly wounded.
* * * LOW HITPOINT WARNING * * *
You feel sick. The adder misses you.
You die...

####'#........
#.......#####.
#.......#
..###.......###
............#.. #
............#.#+#.#
............#.....#
............#....##.#
........####@.S.....#
.....#### #..#######
..... #..# ..... #..#
.. #..# #..# #..#
#..#


You could see an adder.

Vanquished Creatures
  A worm (D:2)
  2 goblins (D:1)
  2 hobgoblins (D:1)
  2 kobolds (D:1)
  A quokka (D:1)
  2 ball pythons (D:1)
  3 bats
  2 frilled lizards (D:1)
  4 rats
19 creatures vanquished.

Notes
Turn   | Place    | Note
-------+----------+-------------------------------------------
     0 | D:1      | Descartes the Felid Warper began the quest for the Orb.
     0 | D:1      | Reached XP level 1. HP: 9/9 MP: 4/4
   269 | D:1      | Reached skill level 1 in Stealth
   363 | D:1      | Reached XP level 2. HP: 13/13 MP: 6/6
   525 | D:1      | Learned a level 2 spell: Blink
   669 | D:1      | Found a faded altar of an unknown god.
  1172 | D:2      | Found a stormy altar of Qazlal.
  1491 | D:2      | Succumbed to an adder's poison

Illustrated notes

Levels and vault maps discovered:
D:1:      dpeg_arrival_arbitrary_b, layout_basic, ebering_ecumenical_altar_rust
D:2:      layout_basic, basic_altar

Skill      XL: |  1 |
---------------+----+-----
Stealth        | 1 |  1.8
Fighting       | |  2.0
Dodging        | |  3.7
Unarmed Combat | |  2.4
Spellcasting   | |  2.0
Translocations | |  4.4

Action                   || total
-------------------------++-------
Melee: Unarmed           ||    66
       Bite              ||     5
 Stab: Sleeping          ||     4
Armor: Skin              ||     5
Dodge: Dodged            ||    63
